 Dungeon Crawl Stone Soup version 0.24-a0-130-ga3c21ff (webtiles) character file.

Game seed: 14458520424916410256

347 gruber the Cutter (level 6, -6/39 HPs)
             Began as a Halfling Assassin on Feb 26, 2019.
             Was a Follower of Dithmenos.
             Mangled by an ogre
             ... wielding a +0 giant club
              (22 damage)
             ... on level 4 of the Dungeon.
             The game lasted 00:04:47 (2538 turns).

gruber the Cutter (Halfling Assassin)               Turns: 2538, Time: 00:04:47

Health: -6/39      AC:  4    Str: 12    XL:     6   Next: 90%
Magic:  6/6        EV: 14    Int:  9    God:    Dithmenos [*.....]
Gold:   76         SH:  8    Dex: 18    Spells: 5/5 levels left

rFire    . . .     SeeInvis .   b - +0 blowgun
rCold    . . .     Gourm    .   i - +2 buckler
rNeg     . . .     Faith    .   c - +0 robe
rPois    .         Spirit   .   u - +0 helmet
rElec    .         Reflect  .   d - +0 cloak
rCorr    .         Harm     .   (no gloves)
MR       .....                  (no boots)
Stlth    +++.......             (no amulet)
HPRegen  0.13/turn              (no ring)
MPRegen  0.10/turn              (no ring)

@: wreathed by umbra
A: small, mutation resistance 1
a: Renounce Religion


You were on level 4 of the Dungeon.
You worshipped Dithmenos.
Dithmenos was aware of your devotion.
You were very hungry.

You visited 1 branch of the dungeon, and saw 4 of its levels.

You collected 76 gold pieces.

Inventory:

Hand Weapons
 b - a +0 blowgun (weapon)
 t - a +2 dagger of speed
Missiles
 e - 81 poisoned needles (quivered)
 f - 2 curare-tipped needles
 m - 122 stones
Armour
 c - a +0 robe (worn)
 d - a +0 cloak (worn)
 i - a +2 buckler (worn)
 u - a +0 helmet (worn)
Scrolls
 a - 2 scrolls of identify {unknown}
 h - 3 scrolls of magic mapping {unknown}
 j - 3 scrolls of enchant armour {unknown}
 k - a scroll of teleportation {unknown}
 l - 3 scrolls of remove curse {unknown}
 p - 2 scrolls of random uselessness {unknown}
 q - 2 scrolls of immolation {unknown}
 v - a scroll of enchant weapon {unknown}
Potions
 n - a potion of magic {unknown}
 o - a potion of brilliance {unknown}
 r - a potion of haste {unknown}
 s - a potion of ambrosia {unknown}
 w - a potion of heal wounds {unknown}
Comestibles
 g - 8 rations


   Skills:
 - Level 1.7 Fighting
 + Level 7.6 Short Blades
 - Level 2.0 Throwing
 - Level 1.1 Dodging
 - Level 4.3 Stealth
 - Level 2.3 Shields


You had 5 spell levels left.
You didn't know any spells.
Your spell library was empty.

Dungeon Overview and Level Annotations

Branches:
Dungeon (4/15)             Temple (0/1) D:4

Altars:
Cheibriados
Dithmenos


Innate Abilities, Weirdness & Mutations

You are small and have problems with some larger weapons.
You are somewhat resistant to further mutation.


Message History

The ogre is heavily wounded.
Firing (i - inventory. (/) - cycle)
e - 82 poisoned needles (quivered)
Press: ? - help, Shift-Dir - straight line, f/p - ogre
Aim: an ogre, wielding a +0 giant club (heavily wounded, poisoned, umbra)
You shoot a poisoned needle.
The poisoned needle barely misses the ogre.
The ogre hits you with a +0 giant club!
You are too injured to fight recklessly!
The ogre looks more healthy.
A leopard gecko comes into view.
You see here a poisoned needle.
You see here a wand of flame (23).
Found a hand crossbow.
Found a staircase to the Ecumenical Temple.
You see here 17 gold pieces.
Found an orange potion.
There is a stone staircase leading up here.
The ogre hits you with a +0 giant club!!
Ouch! That really hurt!
You die...

..........##...#....#
......).#..$...#....####
#...†....#####..........
####.../..####......####
#...................#
###.####...............
##...Y..#...............
........#.##....O.....#.
#......[#(##....@.......
##.........#..........#.
#.......(............#
#......###...........#
##.#..## ###...........
#.##.# #........... #.
#.# #........... .)
[........... #
.##.........


You could see an ogre.

Vanquished Creatures
  An ogre (D:2)
  An ice beast (D:4)
  Robin (D:3)
  6 adders
  4 oozes
  2 worms (D:2)
  2 dart slugs
  2 leopard geckos
  7 orcs
  A ball python (D:1)
  3 giant cockroaches
  15 goblins
  7 hobgoblins
  6 jackals
  A quokka (D:3)
  3 bats (D:2)
  11 frilled lizards
  2 kobolds (D:1)
  6 rats
81 creatures vanquished.

Vanquished Creatures (others)
  A plant (D:4)
1 creature vanquished.

Grand Total: 82 creatures vanquished

Notes
Turn   | Place    | Note
-------+----------+-------------------------------------------
     0 | D:1      | gruber the Halfling Assassin began the quest for the Orb.
     0 | D:1      | Reached XP level 1. HP: 14/14 MP: 1/1
    41 | D:1      | Reached skill level 3 in Short Blades
    41 | D:1      | Reached XP level 2. HP: 19/19 MP: 2/2
   368 | D:1      | Reached skill level 4 in Short Blades
   368 | D:1      | Reached XP level 3. HP: 24/24 MP: 3/3
  1271 | D:2      | Reached XP level 4. HP: 24/29 MP: 4/4
  1376 | D:2      | Reached skill level 5 in Short Blades
  1376 | D:2      | Reached skill level 1 in Shields
  1502 | D:2      | Found a snail-covered altar of Cheibriados.
  1507 | D:2      | Found a shadowy altar of Dithmenos.
  1523 | D:2      | Became a worshipper of Dithmenos the Shadowed
  1680 | D:2      | Reached XP level 5. HP: 34/34 MP: 5/5
  1832 | D:3      | Noticed an ogre
  1858 | D:2      | Killed an ogre
  1858 | D:2      | Reached * piety under Dithmenos
  1858 | D:2      | Reached skill level 6 in Short Blades
  1858 | D:2      | Reached XP level 6. HP: 39/39 MP: 6/6
  2316 | D:3      | Noticed Robin
  2361 | D:3      | Killed Robin
  2457 | D:4      | Noticed an ice beast
  2474 | D:4      | Reached skill level 7 in Short Blades
  2477 | D:4      | Noticed an ogre
  2499 | D:4      | Killed an ice beast
  2525 | D:4      | Found a staircase to the Ecumenical Temple.
  2538 | D:4      | Mangled by an ogre

Levels and vault maps discovered:
D:1:      erik_arrival_gehennom, layout_basic
D:2:      layout_rooms, overflow_temple_1_default, first_ration,
          nicolae_dithmenos_through_a_glass_darkly
D:3:      layout_rooms, uniq_robin
D:4:      cheibrodos_old_hovel, layout_rooms, lemuel_doored_altar,
          minmay_temple_entry_large_hall

Skill      XL: |  1  2  3  4  5  6 |
---------------+-------------------+-----
Short Blades   | 3 4 5 6 7 |  7.6
Shields        | 1 2 |  2.3
Fighting       | |  1.7
Throwing       | |  2.0
Dodging        | |  1.1
Stealth        | |  4.3

Action                   |  1- 3 |  4- 6 || total
-------------------------+-------+-------++-------
Melee: Dagger            |   115 |   201 ||   316
 Fire: Blowgun           |       |    21 ||    21
 Stab: Sleeping          |     7 |     9 ||    16
       Distracted        |       |     1 ||     1
  Eat: Chunk             |       |     4 ||     4
Armor: Robe              |     8 |    16 ||    24
Dodge: Dodged            |    53 |    80 ||   133
Block: Buckler           |    14 |    46 ||    60

Table legend:
 A = Non-vault XP
 B = Vault XP
 C = Vault XP percentage of total XP
 D = Non-vault monster count
 E = Vault monster count
 F = Vault count percentage of total count
                 A         B        C        D         E       F
            +---------+---------+-------+---------+---------+-------
      Total |     448 |      48 |   9.7 |      68 |      13 |  16.0
            +---------+---------+-------+---------+---------+-------
        D:1 |      46 |      18 |  28.1 |      23 |       5 |  17.9
        D:2 |     212 |       0 |   0.0 |      27 |       0 |   0.0
        D:3 |      54 |      30 |  35.7 |      14 |       8 |  36.4
        D:4 |     136 |       0 |   0.0 |       4 |       0 |   0.0
            +---------+---------+-------+---------+---------+-------
